Map: Winter's Gate LE

Players

musclesmark

  • Race: Terran Terran
  • League: Platinum
  • Spawn Location: 5:00

pHARM - Winner!

  • Race: Zerg Zerg
  • League: Platinum
  • Spawn Location: 11:00

VOD

Have the link to the VOD?

Description

Time

  • Played on: Sept. 14, 2019, 9:22 p.m.
  • Length: 10:40
Show
View Real Time Build Order
Export as new Build Order

musclesmark Terran 

Build Orders: Hellion Opening 

Get SALT Encoding   

  12  0:01  SCV  
  13  0:13  SCV  
  14  0:19  Supply Depot  
  14  0:25  SCV  
  15  0:31  Refinery  
  15  0:41  SCV  
  16  0:50  Barracks  
  16  1:00  SCV  
  17  1:13  SCV  
  18  1:25  SCV  
  19  1:38  Orbital Command  
  19  1:40  Barracks Reactor  
  19  1:53  Command Center  
  19  2:03  Factory  
  19  2:05  SCV  
  20  2:17  SCV  
  20  2:19  Marine  
  20  2:20  Supply Depot  
  22  2:23  Marine  
  23  2:36  Refinery  
  23  2:39  Barracks  
  23  2:42  SCV  
  24  2:54  SCV, Barracks Tech Lab  
  24  2:56  Hellion  
  24  2:58  Hellion  
  30  3:12  Starport  
  30  3:19  Hellion x2  
  32  3:26  Barracks Reactor  
  32  3:28  SCV  
  33  3:34  Stimpack  
  33  3:40  SCV  
  34  3:43  Hellion  
  36  3:50  Hellion  
  38  4:02  Orbital Command  
  38  4:03  SCV  
  39  4:16  SCV  
  40  4:20  Barracks  
  40  4:21  Factory Tech Lab  
  40  4:28  SCV  
  40  4:30  Starport Reactor  
  41  4:40  SCV  
  42  4:52  SCV  
  43  4:54  SCV  
  44  5:02  Marine x2  
  44  5:03  Command Center  
  44  5:04  Engineering Bay x2  
  46  5:17  Combat Shield  
  46  5:36  Supply Depot  
  46  5:39  Supply Depot  
  46  5:45  Supply Depot  
  46  5:57  Marine x4, SCV x2, Medivac  
  46  6:01  Marine, Siege Tank  
  58  6:09  SCV x2  
  60  6:15  Marine, Orbital Command  
  60  6:16  Terran Infantry Weapons Level 1  
  60  6:17  Terran Infantry Armor Level 1  
  61  6:22  SCV  
  61  6:23  Missile Turret  
  62  6:29  SCV, Refinery x2  
  63  6:37  Medivac x2  
  67  6:42  SCV x2, Armory  
  67  6:44  SCV  
  70  7:04  Marine, SCV x3  
  70  7:05  Marine x2  
  70  7:06  Marauder  
  70  7:08  Concussive Shells  
  78  7:10  Orbital Command  
  78  7:14  Marine  
  79  7:22  Marine  
  79  7:23  Marine  
  79  7:26  Missile Turret  
  81  7:33  Command Center  
  81  7:34  SCV x2  
  83  7:56  Marine  
  83  7:57  Marine x2  
  83  7:58  SCV, Marauder  
  76  7:59  SCV x2  
  76  8:00  Marine  
  80  8:11  SCV x3  
  80  8:12  Factory  
  83  8:14  Marine x2, Starport  
  85  8:31  Supply Depot  
  85  8:34  Supply Depot  
  85  8:35  Supply Depot  
  85  8:44  Marine  
  85  8:45  Marauder  
  88  8:53  SCV x3  
  91  8:58  Marine x3  
  91  9:02  Marine  
  94  9:06  Marauder, Fusion Core  
  97  9:10  Barracks  
  97  9:14  SCV x3, Barracks  
  97  9:16  Command Center, Refinery  
  100  9:17  Barracks  
  100  9:18  Refinery  
  100  9:19  Missile Turret  
  72  9:47  Marine x2  
  72  9:48  Marine x2  
  74  9:55  Starport Tech Lab  
  74  9:57  Factory Reactor  
  70  10:00  Marine x3  
  70  10:03  Siege Tank  
Show
View Real Time Build Order
Export as new Build Order

pHARM Zerg - Winner!

Build Orders: Hatch First 

Get SALT Encoding   

  12  0:00  Drone  
  13  0:09  Drone  
  14  0:16  Overlord  
  14  0:35  Drone x2  
  16  0:50  Hatchery  
  16  0:53  Drone  
  16  0:56  Drone  
  17  0:59  Drone  
  18  1:22  Spawning Pool  
  18  1:23  Drone  
  18  1:24  Drone  
  19  1:31  Drone  
  20  1:42  Extractor  
  20  1:43  Drone  
  20  1:59  Overlord  
  21  2:08  Drone x2  
  21  2:09  Queen x2  
  21  2:12  Zergling x2  
  21  2:13  Zergling x2  
  28  2:23  Drone  
  28  2:24  Drone  
  30  2:36  Drone  
  30  2:37  Drone  
  32  2:46  Pneumatized Carapace  
  32  2:48  Drone  
  32  2:49  Drone  
  32  2:51  Queen  
  34  2:55  Overlord  
  36  3:07  Overlord x2  
  36  3:15  Drone  
  36  3:17  Drone  
  38  3:32  Metabolic Boost  
  37  3:43  Drone x7  
  44  3:52  Overlord  
  44  3:54  Lair  
  44  4:04  Evolution Chamber  
  43  4:12  Baneling Nest  
  43  4:15  Roach Warren  
  41  4:20  Drone x5  
  41  4:21  Drone x3  
  41  4:23  Extractor  
  41  4:24  Extractor  
  47  4:29  Queen  
  49  5:02  Hatchery  
  49  5:05  Hydralisk Den, Drone  
  49  5:06  Drone x2  
  50  5:07  Infestation Pit  
  49  5:17  Roach  
  49  5:18  Roach x5  
  61  5:22  Hatchery  
  60  5:30  Overlord x6  
  60  5:33  Drone  
  61  5:40  Muscular Augments  
  61  5:48  Centrifical Hooks  
  61  5:51  Zergling x2  
  61  5:52  Zergling x8  
  65  6:12  Baneling x7  
  65  6:14  Drone  
  65  6:15  Drone x5  
  71  6:22  Zerg Melee Weapons Level 1  
  71  6:28  Extractor  
  70  6:50  Queen  
  71  6:54  Grooved Spines  
  71  6:59  Drone x13  
  71  7:00  Drone x3  
  87  7:20  Extractor  
  87  7:22  Zergling x10, Extractor  
  90  7:23  Zergling x12  
  96  7:48  Drone x7  
  86  8:19  Drone x4  
  90  8:22  Hydralisk x4  
  90  8:23  Hydralisk x3  
  104  8:41  Hatchery  
  103  8:56  Hydralisk x11, Overlord x2  
  123  9:38  Zergling x8  
  123  9:39  Zergling x26  
  136  9:52  Zergling x10  
  141  10:02  Zergling x2  
  141  10:03  Zergling x14  
  141  10:04  Overlord x5  
  141  10:05  Overlord x2  
Tags
 
Add a new tag
Caveats
  • Supply blocks, unpowered buildings, or Contaminate may cause inaccurate times.
  • Supply counts are checked every 10 seconds.